 Dungeon Crawl Stone Soup version 0.24.1-8-ga250c9d538 (webtiles) character file.

Game seed: 1207537812864398043, levelgen mode: deterministic

676 MordorOrchid the Digger (level 7, 0/65 HPs)
             Began as a Troll Earth Elementalist on May 4, 2020.
             Was an Initiate of Cheibriados.
             Slain by an ogre
             ... wielding a +0 giant club
              (20 damage)
             ... on level 6 of the Dungeon.
             The game lasted 00:20:46 (2616 turns).

MordorOrchid the Digger (Troll Earth Elementalist)  Turns: 2616, Time: 00:20:47

Health: 0/65       AC:  7    Str: 18    XL:     7   Next: 33%
Magic:  7/10       EV: 10    Int: 14    God:    Cheibriados [......]
Gold:   13         SH:  0    Dex: 11    Spells: 7/11 levels left

rFire    + . .     SeeInvis .     - Unarmed
rCold    . . .     Gourm    +   (no shield)
rNeg     . . .     Faith    .   l - +0 robe
rPois    .         Spirit   .   (helmet restricted)
rElec    .         Reflect  .   A - +0 cloak
rCorr    .         Harm     .   (gloves unavailable)
MR       .....                  (boots unavailable)
Stlth    +.........             (no amulet)
HPRegen  0.60/turn              (no ring)
MPRegen  0.12/turn              v - ring of protection from fire

@: very slow
A: large, unfitting armour, claws 3, fast metabolism 3, gourmand, regeneration
1, shaggy fur 1, tough skin 3
a: Bend Time, Renounce Religion


You were on level 6 of the Dungeon.
You worshipped Cheibriados.
Cheibriados was noncommittal.
You were very full.

You visited 2 branches of the dungeon, and saw 7 of its levels.

You collected 313 gold pieces.
You spent 300 gold pieces at shops.

Inventory:

Hand Weapons
 p - a +0 vampiric dagger
 y - a +2 dagger of speed
Missiles
 a - 7 boomerangs
 b - 74 stones
 i - 8 sling bullets
 j - 8 javelins
 m - 21 poisoned darts (quivered)
 s - 15 arrows
 w - a throwing net
 B - 20 bolts
Armour
 c - a +0 robe
 l - a +0 robe (worn)
 A - a +0 cloak (worn)
Jewellery
 f - an uncursed ring of ice
 r - a +4 ring of evasion {unknown}
 v - a ring of protection from fire (right claw)
 x - a +3 amulet of reflection {unknown}
Scrolls
 e - a scroll of magic mapping
 o - 2 scrolls of blinking {unknown}
 t - 2 scrolls of amnesia
 u - 3 scrolls of remove curse
Potions
 g - a potion of ambrosia {unknown}
 h - 2 potions of curing
 k - a potion of might
 n - 2 potions of lignification
 q - a potion of resistance {unknown}
 z - a potion of haste
Comestibles
 d - 6 rations
 C - 3 chunks of flesh


   Skills:
 - Level 2.0 Fighting
 * Level 2.8 Dodging
 - Level 1.0 Stealth
 * Level 3.8 Unarmed Combat
 * Level 2.8 Spellcasting
 * Level 0.4 Necromancy
 * Level 1.5 Transmutations
 + Level 3.8 Earth Magic


You had 7 spell levels left.
You knew the following spells:

 Your Spells              Type           Power        Failure   Level  Hunger
a - Sandblast             Erth           ##....       4%          1    #......
b - Passwall              Tmut/Erth      #.......     11%         2    ###....
u - Animate Skeleton      Necr           N/A          19%         1    #......

Your spell library contained the following spells:

 Spells                   Type           Power        Failure   Level  Hunger
 Pain                     Necr           #...         19%         1    #......
 Stone Arrow              Conj/Erth      #.....       30%         3    ###....
 Vampiric Draining        Necr           #.........   50%         3    ###....
 Regeneration             Chrm/Necr      #.........   52%         3    ###....
 Petrify                  Tmut/Erth      #.......     58%         4    #####..
 Lee's Rapid Deconstruct  Erth           ##........   77%         5    ######.
 Animate Dead             Necr           N/A          88%         4    #####..


Dungeon Overview and Level Annotations

Branches:
Dungeon (7/15)             Temple (1/1) D:7

Altars:
Ashenzari
Cheibriados
Elyvilon
Fedhas
Gozag
Hepliaklqana
Kikubaaqudgha
Makhleb
Okawaru
Qazlal
Ru
Sif Muna
Trog
Uskayaw
Vehumet
Wu Jian
Yredelemnul
Zin
The Shining One

Shops:
D:6 :


Innate Abilities, Weirdness & Mutations

You are too large for most types of armour.
You have claws for hands.
Your metabolism is lightning-fast.
You like to eat raw meat.
Your natural rate of healing is unusually fast.
You are covered in fur. (AC +1)
You have extremely tough skin. (AC +3)


Message History

You see here a +0 short sword.
You swap places.
The ogre hits your orc skeleton with a +0 giant club!!
Your orc skeleton is destroyed!
You claw the ogre!
The ogre is heavily wounded.
The ogre hits you with a +0 giant club!!
* * * LOW HITPOINT WARNING * * *
The flow of time bends around you.
The ogre resists with some effort.
You feel slightly less full.
You scratch the ogre.
The ogre is severely wounded.
The ogre barely misses you.
You scratch the ogre but do no damage.
The ogre is severely wounded.
The ogre closely misses you.
You barely miss the ogre.
The ogre is severely wounded.
The ogre hits you with a +0 giant club!!
You die...

#.# #.# #.#
#### #.# ....
#.# ... #.#
..# #.# ..#
#.# ..#
#@#####..##..#
#.O..)[)......
#######..##.##
..# .... ..##.
.## # .# .#


You could see an ogre.

Vanquished Creatures
  An orc warrior (D:7)
  A black bear (D:2)
  A scorpion (D:7)
  2 hounds (D:6)
  6 orc priests
  2 worker ants
  3 adders (D:2)
  An ooze (D:2)
  3 worms
  2 dart slugs
  2 leopard geckos (D:3)
  19 orcs
  4 giant cockroaches
  10 goblins
  6 hobgoblins
  7 jackals
  4 quokkas
  10 bats
  7 frilled lizards
  7 kobolds
  A quokka skeleton (D:7)
  10 rats
109 creatures vanquished.

Notes
Turn   | Place    | Note
-------+----------+-------------------------------------------
     0 | D:1      | MordorOrchid the Troll Earth Elementalist began the quest
                  | for the Orb.
     0 | D:1      | Reached XP level 1. HP: 16/16 MP: 1/1
    75 | D:1      | Reached XP level 2. HP: 24/24 MP: 0/3
   106 | D:1      | Learned a level 2 spell: Passwall
   771 | D:2      | Reached XP level 3. HP: 32/32 MP: 1/4
   851 | D:2      | Found a faded altar of an unknown god.
   939 | D:2      | Reached skill level 1 in Unarmed Combat
  1018 | D:2      | Reached skill level 1 in Fighting
  1021 | D:2      | Reached XP level 4. HP: 39/41 MP: 0/5
  1051 | D:2      | Noticed a black bear
  1068 | D:2      | Killed a black bear
  1068 | D:2      | Reached XP level 5. HP: 35/48 MP: 3/7
  1144 | D:2      | Found a bloodstained altar of Trog.
  1145 | D:2      | Noticed a moth of wrath
  1257 | D:3      | Found a basalt altar of Yredelemnul.
  1964 | D:3      | Found an ornate altar of the Wu Jian Council.
  1985 | D:3      | Reached XP level 6. HP: 55/55 MP: 8/8
  2121 | D:4      | Reached skill level 1 in Transmutations
  2142 | D:4      | You fall into a shaft and drop 3 floors!
  2225 | D:6      | Found Pegum's Book Shop.
  2242 | D:6      | Noticed an orc warrior
  2257 | D:7      | Killed an orc warrior
  2282 | D:7      | Found a staircase to the Ecumenical Temple.
  2291 | Temple   | Entered the Ecumenical Temple
  2367 | Temple   | Became a worshipper of Cheibriados the Contemplative
  2409 | D:6      | Reached XP level 7. HP: 62/63 MP: 8/10
  2454 | D:6      | Bought a book of Necromancy for 300 gold pieces
  2456 | D:6      | Learned a level 1 spell: Animate Skeleton
  2616 | D:6      | Slain by an ogre

Levels and vault maps discovered:
D:1:      mrwooster_arrival_statue, layout_basic, chequers_serial_rivers_micro_a
D:2:      minmay_door_path, layout_basic, tgw_trog, first_ration,
          chequers_ecumenical_altar_twisty
D:3:      layout_basic, yredelemnul_altar_generic, lemuel_doored_altar
D:4:      minmay_diamond_boxcup, layout_basic, gammafunk_ghost_arena, uniq_pikel
D:6:      layout_loops_ring, serial_shops,
          nicolae_shop_temple_entry_statues_fountains, kennysheep_little_box,
          shop, shop_statue, shop_coins
D:7:      lemuel_upstairs_altar, layout_basic, minmay_temple_entry_water_ring
Temple:   kb_temple_of_zot

Skill      XL: |  1  2  3  4  5  6  7 |
---------------+----------------------+-----
Earth Magic    | 3 |  3.8
Unarmed Combat | 1 2 3 |  3.8
Dodging        | 2 |  2.8
Fighting       | 1 2 |  2.0
Spellcasting   | 2 |  2.8
Transmutations | 1 |  1.5
Stealth        | |  1.0
Necromancy     | |  0.4

Action                   |  1- 3 |  4- 6 |  7- 9 || total
-------------------------+-------+-------+-------++-------
Melee: Unarmed           |    76 |   130 |    43 ||   249
       Punch             |       |     1 |     2 ||     3
Throw: Dart              |       |     9 |     3 ||    12
 Cast: Sandblast         |    18 |    46 |       ||    64
       Animate Skeleton  |       |       |     2 ||     2
Invok: Bend Time         |       |       |     1 ||     1
  Use: Scroll            |     2 |     4 |     1 ||     7
       Potion            |       |     2 |       ||     2
 Stab: Sleeping          |     1 |       |       ||     1
       Distracted        |       |       |     1 ||     1
  Eat: Chunk             |    15 |    14 |     2 ||    31
Armor: Robe              |    35 |    50 |     8 ||    93
Dodge: Dodged            |    35 |    85 |    23 ||   143
